[gd_scene load_steps=11 format=2]

[ext_resource path="res://scripts/GUI.gd" type="Script" id=1]
[ext_resource path="res://assets/GFX/HUD/bannerHanging.png" type="Texture" id=2]
[ext_resource path="res://assets/Fonts/candles_.ttf" type="DynamicFontData" id=3]
[ext_resource path="res://assets/GFX/HUD/coin_bronze.png" type="Texture" id=4]
[ext_resource path="res://assets/GFX/HUD/lifes.png" type="Texture" id=5]

[sub_resource type="DynamicFont" id=1]

size = 50
use_mipmaps = false
use_filter = false
font_data = ExtResource( 3 )
_sections_unfolded = [ "Font", "Settings" ]

[sub_resource type="DynamicFont" id=2]

size = 50
use_mipmaps = false
use_filter = false
font_data = ExtResource( 3 )
_sections_unfolded = [ "Extra Spacing", "Font", "Settings" ]

[sub_resource type="Animation" id=5]

resource_name = "BunnyHurt"
length = 1.0
loop = false
step = 0.1
tracks/0/type = "value"
tracks/0/path = NodePath("HBoxContainer/LifeIcon:modulate")
tracks/0/interp = 1
tracks/0/loop_wrap = true
tracks/0/imported = false
tracks/0/enabled = true
tracks/0/keys = {
"times": PoolRealArray( 0, 0.1, 0.2 ),
"transitions": PoolRealArray( 1, 1, 1 ),
"update": 0,
"values": [ Color( 1, 1, 1, 1 ), Color( 1, 0, 0, 1 ), Color( 1, 1, 1, 1 ) ]
}

[sub_resource type="Animation" id=3]

resource_name = "CoinPulse"
length = 0.2
loop = false
step = 0.1
tracks/0/type = "value"
tracks/0/path = NodePath("HBoxContainer/CoinIcon:rect_scale")
tracks/0/interp = 1
tracks/0/loop_wrap = true
tracks/0/imported = false
tracks/0/enabled = true
tracks/0/keys = {
"times": PoolRealArray( 0, 0.1, 0.2 ),
"transitions": PoolRealArray( 1, 1, 1 ),
"update": 0,
"values": [ Vector2( 1, 1 ), Vector2( 1.2, 1.2 ), Vector2( 1, 1 ) ]
}

[sub_resource type="Animation" id=4]

resource_name = "LifePulse"
length = 1.0
loop = false
step = 0.1
tracks/0/type = "value"
tracks/0/path = NodePath("HBoxContainer/LifeIcon:rect_scale")
tracks/0/interp = 1
tracks/0/loop_wrap = true
tracks/0/imported = false
tracks/0/enabled = true
tracks/0/keys = {
"times": PoolRealArray( 0, 0.1, 0.2 ),
"transitions": PoolRealArray( 1, 1, 1 ),
"update": 0,
"values": [ Vector2( 1, 1 ), Vector2( 1.2, 1.2 ), Vector2( 1, 1 ) ]
}

[node name="CanvasLayer" type="CanvasLayer" index="0"]

layer = 1
offset = Vector2( 0, 0 )
rotation = 0.0
scale = Vector2( 1, 1 )
transform = Transform2D( 1, 0, 0, 1, 0, 0 )
script = ExtResource( 1 )

[node name="GUI" type="TextureRect" parent="." index="0"]

anchor_left = 1.0
anchor_top = 0.0
anchor_right = 1.0
anchor_bottom = 0.0
margin_left = -205.0
margin_top = 1.0
margin_bottom = 79.0
rect_pivot_offset = Vector2( 0, 0 )
rect_clip_content = false
mouse_filter = 1
mouse_default_cursor_shape = 0
size_flags_horizontal = 1
size_flags_vertical = 1
texture = ExtResource( 2 )
expand = true
stretch_mode = 0

[node name="HBoxContainer" type="HBoxContainer" parent="GUI" index="0"]

anchor_left = 1.0
anchor_top = 0.0
anchor_right = 1.0
anchor_bottom = 1.0
margin_left = -199.0
margin_top = 20.0
margin_right = 81.0
margin_bottom = 13.0
rect_scale = Vector2( 0.7, 0.7 )
rect_pivot_offset = Vector2( 0, 0 )
rect_clip_content = false
mouse_filter = 1
mouse_default_cursor_shape = 0
size_flags_horizontal = 1
size_flags_vertical = 1
alignment = 1
_sections_unfolded = [ "Anchor", "Focus", "Grow Direction", "Hint", "Margin", "Mouse", "Rect", "Size Flags", "Theme", "custom_constants" ]
__meta__ = {
"_edit_group_": true
}

[node name="CoinLabel" type="Label" parent="GUI/HBoxContainer" index="0"]

anchor_left = 0.0
anchor_top = 0.0
anchor_right = 0.0
anchor_bottom = 0.0
margin_left = 5.0
margin_top = 3.0
margin_right = 71.0
margin_bottom = 67.0
rect_pivot_offset = Vector2( 0, 0 )
rect_clip_content = false
mouse_filter = 2
mouse_default_cursor_shape = 0
size_flags_horizontal = 1
size_flags_vertical = 4
custom_fonts/font = SubResource( 1 )
custom_colors/font_color = Color( 1, 1, 1, 1 )
text = "00"
percent_visible = 1.0
lines_skipped = 0
max_lines_visible = -1
_sections_unfolded = [ "custom_colors", "custom_fonts" ]

[node name="CoinIcon" type="TextureRect" parent="GUI/HBoxContainer" index="1"]

anchor_left = 0.0
anchor_top = 0.0
anchor_right = 0.0
anchor_bottom = 0.0
margin_left = 75.0
margin_right = 135.0
margin_bottom = 71.0
rect_pivot_offset = Vector2( 0, 0 )
rect_clip_content = false
mouse_filter = 1
mouse_default_cursor_shape = 0
size_flags_horizontal = 1
size_flags_vertical = 1
texture = ExtResource( 4 )
stretch_mode = 0
_sections_unfolded = [ "Material", "Rect", "Visibility" ]

[node name="Separator" type="TextureRect" parent="GUI/HBoxContainer" index="2"]

modulate = Color( 1, 1, 1, 0 )
anchor_left = 0.0
anchor_top = 0.0
anchor_right = 0.0
anchor_bottom = 0.0
margin_left = 139.0
margin_right = 149.0
margin_bottom = 71.0
rect_min_size = Vector2( 10, 0 )
rect_pivot_offset = Vector2( 0, 0 )
rect_clip_content = false
mouse_filter = 1
mouse_default_cursor_shape = 0
size_flags_horizontal = 1
size_flags_vertical = 1
texture = ExtResource( 5 )
expand = true
stretch_mode = 0
_sections_unfolded = [ "Anchor", "Grow Direction", "Margin", "Rect", "Visibility" ]

[node name="LifeLabel" type="Label" parent="GUI/HBoxContainer" index="3"]

anchor_left = 0.0
anchor_top = 0.0
anchor_right = 0.0
anchor_bottom = 0.0
margin_left = 153.0
margin_top = 3.0
margin_right = 219.0
margin_bottom = 67.0
rect_pivot_offset = Vector2( 0, 0 )
rect_clip_content = false
mouse_filter = 2
mouse_default_cursor_shape = 0
size_flags_horizontal = 1
size_flags_vertical = 4
custom_fonts/font = SubResource( 2 )
custom_colors/font_color = Color( 1, 1, 1, 1 )
text = "00"
percent_visible = 1.0
lines_skipped = 0
max_lines_visible = -1
_sections_unfolded = [ "custom_colors", "custom_fonts" ]

[node name="LifeIcon" type="TextureRect" parent="GUI/HBoxContainer" index="4"]

anchor_left = 0.0
anchor_top = 0.0
anchor_right = 0.0
anchor_bottom = 0.0
margin_left = 223.0
margin_right = 275.0
margin_bottom = 71.0
rect_pivot_offset = Vector2( 0, 0 )
rect_clip_content = false
mouse_filter = 1
mouse_default_cursor_shape = 0
size_flags_horizontal = 1
size_flags_vertical = 1
texture = ExtResource( 5 )
stretch_mode = 0
_sections_unfolded = [ "Margin", "Rect", "Visibility" ]

[node name="AnimationPlayer" type="AnimationPlayer" parent="GUI" index="1"]

root_node = NodePath("..")
autoplay = ""
playback_process_mode = 1
playback_default_blend_time = 0.0
playback_speed = 1.0
anims/BunnyHurt = SubResource( 5 )
anims/CoinPulse = SubResource( 3 )
anims/LifePulse = SubResource( 4 )
blend_times = [  ]


